 Dungeon Crawl Stone Soup version 0.31.0-11-ge490571c62 (webtiles) character file.

Game seed: 10974274674677659031

9312 Pooter the Cleaver (level 11, -10/86 (87) HPs)
             Began as a Minotaur Fighter on Jan 28, 2024.
             Was a Believer of Ru.
             Mangled by an entropy weaver (12 damage)
             ... on level 10 of the Dungeon.
             The game lasted 01:02:28 (10616 turns).

Pooter the Cleaver (Minotaur Fighter)              Turns: 10616, Time: 01:02:29

HP:   -10/86 (87)   AC:  6    Str: 26    XL:     11   Next: 21%
MP:   0/13          EV: 10    Int:  5    God:    Ru [**....]
Gold: 452           SH:  4    Dex: 10    Spells: 10/10 levels left

rFire   + . .        a - +4 war axe (spect)
rCold   . . .        c - +0 buckler
rNeg    + + .        x - +4 leather armour of Distant Worlds {rF+ rN+ Str-5 Slay+2}
rPois   .            (helmet restricted)
rElec   .            u - +0 cloak
rCorr   .            l - +0 pair of gloves
SInv    .            t - +0 pair of boots
Will    .....        G - amulet of guardian spirit Stlth
                     k - +6 ring of strength
HPRegen 0.34/turn    N - ring of positive energy
MPRegen 0.13/turn

%: guardian spirit
@: corroded, lightly drained
A: horns 2, frail 1, no stealth, retaliatory headbutt, no forms
a: Renounce Religion


You were on level 10 of the Dungeon.
You worshipped Ru.
Ru was pleased with you.
You visited 2 branches of the dungeon, and saw 11 of its levels.
You also visited: Ossuary and Bailey.

You collected 549 gold pieces.
You spent 97 gold pieces at shops.

Inventory:

Hand Weapons
 a - a +4 spectral war axe (weapon)
   (You took it off a wight on level 5 of the Dungeon)
 b - a +1 heavy sling
   (You bought it in a shop on level 3 of the Dungeon)
 q - the +1 whip of Tartarus {spect, MP+9}
   (You found it on level 3 of the Dungeon)

   MP+9:      It affects your magic capacity (+9).
 z - a +0 orcbow
   (You took it off a centaur on level 5 of the Dungeon)
 B - a +3 dire flail of freezing
   (You took it off a wight on level 6 of the Dungeon)
 E - the +9 dagger "Ympasah" {freeze, rF- rC++}
   (You found it on level 5 of the Dungeon)

   rF-:       It makes you vulnerable to fire.
   rC++:      It greatly protects you from cold.
 H - a +3 trident of draining
   (You found it on level 6 of the Dungeon)
 K - a +2 halberd of electrocution
   (You took it off a gnoll in a bailey)
 S - a +2 halberd of draining
   (You took it off a gnoll in a bailey)
Missiles
 i - 6 atropa-tipped darts
 m - 18 boomerangs (quivered)
 w - 7 poisoned darts
 O - 2 throwing nets {!f}
 Q - 113 stones
Armour
 c - a +0 buckler (worn)
 l - a +0 pair of gloves (worn)
   (You found it on level 3 of the Dungeon)
 n - a +0 scale mail
 t - a +0 pair of boots (worn)
   (You found it on level 4 of the Dungeon)
 u - a +0 cloak (worn)
   (You found it on level 4 of the Dungeon)
 x - the +4 leather armour of Distant Worlds (worn) {rF+ rN+ Str-5 Slay+2}
   (You found it on level 5 of the Dungeon)

   Str-5:     It affects your strength (-5).
   Slay+2:    It affects your accuracy & damage with ranged weapons and melee
   (+2).
   rF+:       It protects you from fire.
   rN+:       It protects you from negative energy.
Jewellery
 k - a +6 ring of strength (left hand)
   (You found it on level 2 of the Dungeon)
 G - an amulet of guardian spirit (around neck)
   (You took it off a hobgoblin on level 1 of the Dungeon)
 M - a +6 ring of strength
   (You found it on level 9 of the Dungeon)
 N - a ring of positive energy (right hand)
   (You found it on level 4 of the Dungeon)
 W - a ring of wizardry
   (You found it on level 7 of the Dungeon)
Wands
 f - a wand of flame (32)
   (You found it on level 5 of the Dungeon)
 h - a wand of charming (14)
   (You found it on level 4 of the Dungeon)
 C - a wand of polymorph (6)
   (You found it on level 6 of the Dungeon)
 D - a wand of digging (9)
   (You found it on level 3 of the Dungeon)
 P - a wand of roots (3)
   (You found it on level 9 of the Dungeon)
 R - a wand of light (1)
   (You found it on level 9 of the Dungeon)
Scrolls
 g - a scroll of vulnerability {!r}
 r - a scroll of blinking
 s - 2 scrolls of immolation {!r}
 y - 3 scrolls of poison {!r}
 A - 2 scrolls of fear
 F - a scroll of silence
 J - a scroll of enchant armour
Potions
 d - 2 potions of might
 e - 2 potions of attraction {!q}
 j - 6 potions of mutation {!q}
 o - 4 potions of magic
 p - a potion of resistance
 v - 8 potions of heal wounds {@q2}
 I - 2 potions of enlightenment {unknown}
 L - 2 potions of lignification {!q}
 T - a potion of invisibility {unknown}
 U - 2 potions of brilliance {unknown}
 V - a potion of cancellation {unknown}


   Skills:
 + Level 9.1 Fighting
 * Level 11.9(12.4) Axes
 - Level 5.3(9.3) Maces & Flails
 * Level 10.0 Ranged Weapons
 - Level 3.6 Armour
 - Level 3.9 Shields
 + Level 4.3 Invocations
 + Level 5.5 Evocations


You had 10 spell levels left.
You didn't know any spells.
Your spell library contained the following spells:

 Spells                   Type           Power      Damage    Failure   Level
 Freeze                   Ice            0%         1d3       56%         1
 Static Discharge         Conj/Air       0%         3-3/arc   71%         2
 Frozen Ramparts          Ice            0%         1d1       91%         3
 Hailstorm                Conj/Ice       0%         3d5       91%         3
 Airstrike                Air            0%         2d(0-16)  100%        4
 Anguish                  Hex/Necr       0%         N/A       100%        4
 Cause Fear               Hex            0%         N/A       100%        4
 Summon Lightning Spire   Summ/Air       0%         N/A       100%        4
 Enfeeble                 Hex            0%         N/A       100%        7


Dungeon Overview and Level Annotations

Branches:
Dungeon (10/15) Zot: 26659  Temple (1/1) D:5 Zot: 5939 Ossuary (visited)
 Bailey (visited)
   Lair: D:8-11         Orc: D:9-12

Altars:
Ashenzari
Cheibriados
Dithmenos
Elyvilon
Fedhas
Gozag
Hepliaklqana
Kikubaaqudgha
Makhleb
Nemelex Xobeh
Okawaru
Ru
Sif Muna
Trog
Uskayaw
Vehumet
Wu Jian
Xom
Yredelemnul
Zin
The Shining One

Shops:
D:2 [   D:3 (


Innate Abilities, Weirdness & Mutations

You have a pair of horns on your head.
You are frail. (-10% HP)
You cannot be stealthy.
You reflexively headbutt those who attack you in melee.
You cannot voluntarily change form.


Message History

The entropy weaver barely misses you.
The entropy weaver hits you but does no damage.
The entropy weaver hits you! The entropy weaver barely misses you.
You hit the entropy weaver but do no damage.
Your +4 spectral war axe barely misses the entropy weaver.
The entropy weaver hits you but does no damage. x3
The entropy weaver closely misses you.
You hit the entropy weaver but do no damage.
Your headbutt misses the entropy weaver.
Your +4 spectral war axe hits the entropy weaver!
The entropy weaver hits you! x2
* * * LOW MAGIC WARNING * * *
The entropy weaver hits you.
* * * LOW HITPOINT WARNING * * *
The entropy weaver hits you but does no damage.
You barely miss the entropy weaver.
Your headbutt misses the entropy weaver.
Your +4 spectral war axe hits the entropy weaver.
The entropy weaver is stunned by your conviction and fails to attack.
You slash the entropy weaver!
Your +4 spectral war axe hits the entropy weaver!
The entropy weaver hits you but does no damage.
The entropy weaver hits you.
* * * LOW HITPOINT WARNING * * *
The entropy weaver hits you!
* * * LOW MAGIC WARNING * * *
* * * LOW HITPOINT WARNING * * *
The entropy weaver hits you!
* * * LOW MAGIC WARNING * * *
* * * LOW HITPOINT WARNING * * *
You focus your inner power and illuminate the entropy weaver in retribution!
You hit the entropy weaver but do no damage.
Your +4 spectral war axe hits the entropy weaver!
The entropy weaver begins to cast a spell, but is stunned by your conviction!
You block the entropy weaver's attack.
The entropy weaver hits you but does no damage.
The entropy weaver hits you.
* * * LOW HITPOINT WARNING * * *
The entropy weaver hits you!
* * * LOW MAGIC WARNING * * *
* * * LOW HITPOINT WARNING * * *
You hit the entropy weaver.
Your +4 spectral war axe closely misses the entropy weaver.
The entropy weaver barely misses you. You furiously retaliate!
You headbutt the entropy weaver! The entropy weaver closely misses you.
The entropy weaver hits you.
* * * LOW MAGIC WARNING * * *
* * * LOW HITPOINT WARNING * * *
The entropy weaver hits you!
You die...

##################
#####................#
#.....................#
..........#.#.#######.#
#. #.##.........# ##
#.#
#.##.###.###.###...#
#.# #.##.# #.# #....#
#.###....###+# #@#.#.#
......#....+ +..(B..#
...#####.### ###.#.#.#
......##.# #.##...#
...##.##.# #.# ..#.#
#.## .##.. ..# ..##
.#.##.#### .## ...
#.<##.# . ..# ##.##.#
##


You could see an entropy weaver (corona) and a friendly +4 spectral war axe.

Vanquished Creatures
  Maggie (D:6)
  A komodo dragon (D:6)
  Sigmund (D:6)
  Grum (D:8)
  22 yaks
  4 steam dragons
  Menkaure (D:7)
  2 acid dragons
  2 water moccasins
  An orc warrior (Bailey)
  2 sky beasts
  Duvessa (D:6)
  3 black bears
  An ice beast (D:6)
  2 centaurs
  3 ogres
  4 wolves
  A phantom (D:5)
  3 elf zombies (Ossuary)
  A kobold brigand (D:9)
  A gnoll sergeant (D:9)
  2 scorpions
  Dowan (D:6)
  4 wights
  5 killer bees (D:9)
  The ghost of labirda the Gusty, a weakling DrAE (D:3)
  A spectral bullfrog (Ossuary)
  3 howler monkeys
  A hound (D:6)
  4 human zombies (Ossuary)
  5 jellies
  A bombardier beetle (D:9)
  5 orc priests
  A gnoll bouda (D:6)
  A scorpion zombie (D:7)
  2 bullfrog skeletons (D:7)
  A sleepcap (D:8)
  4 iguanas
  8 orc wizards
  2 crocodile zombies (Ossuary)
  3 spectral hounds (Ossuary)
  3 mummies (Ossuary)
  20 gnolls
  2 howler monkey skeletons (D:7)
  9 adders
  5 hound simulacra (Ossuary)
  A shadow imp (D:5)
  A white imp (D:4)
  2 spectral gnolls (Ossuary)
  2 dart slugs
  3 adder simulacra (Ossuary)
  35 orcs
  6 endoplasms
  3 giant cockroaches (D:1)
  5 gnoll zombies (Ossuary)
  7 goblins
  10 hobgoblins
  4 jackals (D:3)
  4 quokkas
  8 ball pythons
  7 bats
  6 frilled lizards
  3 jackal simulacra (Ossuary)
  10 kobolds
  7 kobold zombies (Ossuary)
  4 orc zombies (Ossuary)
  10 rats
  3 spectral jackals (Ossuary)
293 creatures vanquished.

Vanquished Creatures (collateral kills)
  A centaur (D:5)
  An orc (D:9)
2 creatures vanquished.

Vanquished Creatures (others)
  A water moccasin (D:5)
1 creature vanquished.

Grand Total: 296 creatures vanquished

Notes
Turn   | Place    | Note
-------+----------+-------------------------------------------
     0 | D:1      | Pooter the Minotaur Fighter began the quest for the Orb.
     0 | D:1      | Reached XP level 1. HP: 19/19 MP: 0/0
    30 | D:1      | Reached skill level 3 in Axes
    34 | D:1      | Reached XP level 2. HP: 24/27 MP: 1/1
   299 | D:1      | Reached XP level 3. HP: 29/33 MP: 2/2
   640 | D:2      | Reached skill level 4 in Axes
   946 | D:2      | Found a shimmering altar of Xom.
  1106 | D:2      | Reached XP level 4. HP: 37/41 MP: 3/3
  1413 | D:2      | Found Pousu's Antique Armour Shoppe.
  1854 | D:3      | Found Fidgh's Weapon Shop.
  1862 | D:3      | Bought a +1 heavy sling for 97 gold pieces
  1916 | D:3      | Reached skill level 5 in Axes
  1917 | D:3      | Reached skill level 1 in Ranged Weapons
  1950 | D:3      | Found a runed translucent gate.
  1988 | D:3      | Reached XP level 5. HP: 47/47 MP: 4/4
  1998 | D:3      | Found a runed translucent gate.
  1999 | D:3      | Found a runed translucent gate.
  2001 | D:3      | Noticed labirda's ghost (weakling DrAE)
  2212 | D:3      | Reached skill level 5 in Fighting
  2286 | D:3      | Found a white marble altar of Elyvilon.
  2287 | D:3      | Identified the +1 whip of Tartarus {spect, MP+9}
  2362 | D:3      | Found a faded altar of an unknown god.
  2370 | D:3      | Prayed at the altar of an unknown god.
  2370 | D:3      | Became a worshipper of Sif Muna the Loreminder
  2370 | D:3      | Reached * piety under Sif Muna
  2568 | D:3      | Killed labirda's ghost
  2569 | D:3      | Reached XP level 6. HP: 56/56 MP: 5/5
  2586 | D:3      | Fell from the grace of Sif Muna
  2672 | D:4      | Reached skill level 6 in Axes
  3276 | D:4      | Reached skill level 1 in Evocations
  3562 | D:5      | Entered Level 5 of the Dungeon
  3578 | D:5      | Noticed a water moccasin
  3626 | D:5      | Found a staircase to the Ecumenical Temple.
  3634 | Temple   | Entered the Ecumenical Temple
  3674 | Temple   | Became a worshipper of Ru the Awakened
  4029 | D:5      | Reached XP level 7. HP: 57/61 MP: 3/6
  4116 | D:5      | Found a bloodstained altar of Trog.
  4130 | D:5      | Identified the +4 leather armour of Distant Worlds {rF+ rN+
                  | Str-5 Slay+2}
  4208 | D:5      | Found a shadowy altar of Dithmenos.
  4292 | D:5      | Reached skill level 7 in Axes
  4389 | D:5      | Identified the +9 dagger "Ympasah" {freeze, rF- rC++}
  4804 | D:6      | Reached skill level 5 in Ranged Weapons
  4804 | D:6      | Reached XP level 8. HP: 65/70 MP: 7/7
  4907 | D:6      | Reached skill level 8 in Axes
  5054 | D:6      | Noticed Jeremiah
  5285 | D:6      | Jeremiah changed into Jeremiah the komodo dragon
  5285 | D:6      | Noticed Jeremiah
  5292 | D:6      | Killed Jeremiah the komodo dragon
  5293 | D:6      | Reached skill level 1 in Maces & Flails
  5387 | D:6      | Noticed Maggie
  5396 | D:6      | Killed Maggie
  5477 | D:6      | Found an iron altar of Okawaru.
  5546 | D:6      | Noticed Sigmund
  5553 | D:6      | Killed Sigmund
  5554 | D:6      | Reached skill level 9 in Axes
  5554 | D:6      | Reached XP level 9. HP: 79/79 MP: 0/8
  5727 | D:6      | Found a snail-covered altar of Cheibriados.
  5732 | D:6      | Found a broken altar of Ashenzari.
  5736 | D:6      | Found a hazy altar of Hepliaklqana.
  5854 | D:6      | Noticed Duvessa
  5907 | D:6      | Noticed Dowan
  5925 | D:6      | Killed Duvessa
  5930 | D:6      | Killed Dowan
  5943 | D:6      | Reached skill level 1 in Invocations
  6123 | D:6      | Gained mutation: You cannot be stealthy. [Ru sacrifice]
  6404 | D:7      | Found a sand-covered staircase.
  6429 | Ossuary  | Entered an ossuary
  6640 | Ossuary  | Reached skill level 10 in Axes
  7137 | D:7      | Noticed Menkaure
  7141 | D:7      | Killed Menkaure
  7142 | D:7      | Reached XP level 10. HP: 88/88 MP: 10/10
  7479 | D:8      | Reached skill level 5 in Maces & Flails
  7494 | D:8      | Noticed Grum
  7503 | D:8      | Killed Grum
  7936 | D:8      | Found a basalt altar of Yredelemnul.
  7946 | D:8      | Found a glowing silver altar of Zin.
  7955 | D:8      | Gained mutation: You are frail. (-10% HP) [Ru sacrifice]
  7955 | D:8      | Reached * piety under Ru
  7955 | D:8      | Reached ** piety under Ru
  8026 | D:8      | Was forgiven by Sif Muna
  8139 | D:8      | Reached skill level 11 in Axes
  8608 | D:9      | Reached skill level 5 in Evocations
  8974 | D:9      | Reached XP level 11. HP: 85/85 MP: 12/12
  9433 | D:9      | Noticed Maurice
  9436 | D:9      | Maurice changed into Maurice the wolf
  9436 | D:9      | Noticed Maurice
  9441 | D:9      | Killed Maurice the wolf
  9843 | D:10     | Entered Level 10 of the Dungeon
  9972 | D:10     | Found a flagged portal.
 10059 | Bailey   | Entered a bailey
 10199 | Bailey   | Reached skill level 10 in Ranged Weapons
 10561 | D:10     | Gained mutation: You cannot voluntarily change form. [Ru
                  | sacrifice]
 10608 | D:10     | Noticed an entropy weaver
 10616 | D:10     | HP: 2/86 [entropy weaver (5)]
 10616 | D:10     | Mangled by an entropy weaver

Illustrated notes

Levels and vault maps discovered:
D:1:      erik_arrival_triangle_large, layout_rooms, minmay_box_of_dots
D:2:      layout_loops_corners, basic_altar, serial_shops,
          nicolae_shop_pleasant_corner_grove, nicolae_titane
D:3:      layout_loops_ring, mainiacjoe_overflow_24_doors,
          shapermc_ecumenical_altar_notcrosses, ebering_ghost_rock_garden,
          serial_shops, nicolae_shop_peninsula, corexii_corridor_pit,
          solitary_fountain
D:4:      minmay_door_path, layout_rooms, roderic_serpentine_path
D:5:      layout_rooms, trog_antimagical, grunt_dithmenos_smoke_and_mirrors,
          minmay_temple_entry_junction_2, water_maze_lemuel
D:6:      layout_loops_ring, minmay_overflow_temple_star_quad, kennysheep_mini,
          serial_rivers, chequers_serial_rivers_small_b,
          chequers_serial_rivers_micro_b, chequers_serial_rivers_room_a,
          chequers_serial_rivers_micro_d, chequers_serial_rivers_room_a,
          chequers_serial_rivers_large_b, uniq_maggie, uniq_jeremiah,
          uniq_duvessa, uniq_sigmund
D:7:      layout_rooms, mainiacjoe_ossuary_entry_find_the_door,
          hangedman_decor_slide_cut, uniq_menkaure
D:8:      layout_rooms, mainiacjoe_overflow_concentric_impassable,
          amcnicky_altar_gilded, uniq_grum
D:9:      layout_basic, uniq_maurice
D:10:     layout_loops_ring, lemuel_doored_altar, enter_bailey_6,
          bh_walls_and_bars
Temple:   hc_temple_tempest_star

Skill      XL: |  1  2  3  4  5  6  7  8  9 10 11 |
---------------+----------------------------------+-----
Axes           | 3 4 5 6 7 9 10 11 | 11.9
Fighting       | 4 5 6 7 8 9 |  9.1
Ranged Weapons | 1 2 3 5 6 8 9 10 | 10.0
Evocations     | 1 2 3 4 5 |  5.5
Maces & Flails | 2 4 5 |  5.3
Invocations    | 2 3 4 |  4.3
Armour         | |  3.6
Shields        | |  3.9

Action                     |  1- 3 |  4- 6 |  7- 9 | 10-12 || total
---------------------------+-------+-------+-------+-------++-------
  Melee: War axe           |    88 |    87 |   117 |   132 ||   424
         Headbutt          |    11 |    12 |    34 |    21 ||    78
         Punch             |       |       |     1 |       ||     1
         Dire flail        |       |       |    80 |       ||    80
   Fire: Sling             |       |    36 |     5 |    61 ||   102
         Orcbow            |       |       |    21 |       ||    21
  Throw: Boomerang         |       |     3 |     7 |     9 ||    19
         Dart              |       |       |     3 |       ||     3
 Invoke: Renounce Religion |       |     1 |       |       ||     1
         Sacrifice Stealth |       |       |     1 |       ||     1
         Sacrifice Health  |       |       |       |     1 ||     1
         Sacrifice Forms   |       |       |       |     1 ||     1
  Evoke: Wand              |       |     1 |     7 |     9 ||    17
    Use: Scroll            |     4 |     4 |    10 |     3 ||    21
         Potion            |       |     2 |       |     2 ||     4
   Stab: Distracted        |       |       |       |     4 ||     4
         Invisible         |       |       |       |     2 ||     2
         Betrayed ally     |       |       |       |     1 ||     1
 Armour: Scale mail        |    65 |    92 |     2 |       ||   159
         Leather armour    |       |       |   130 |   114 ||   244
  Dodge: Dodged            |    34 |    50 |   104 |    69 ||   257
  Block: Buckler           |    14 |    17 |     5 |    31 ||    67
